 Dungeon Crawl Stone Soup version bcrawl-1.37.2 (webtiles) character file.

Game seed: 7263843474031180678

219478 Mehrunes the Reanimator (level 6, 0/32 HPs)
             Began as a Skeleton Necromancer on Oct 25, 2022.
             Slain by a hound (3 damage)
             ... on level 4 of the Dungeon.
             The game lasted 00:09:57 (3125 turns).

Mehrunes the Reanimator (Skeleton Necromancer)      Turns: 3125, Time: 00:09:58

Health: 0/32       AC:  7    Str: 15 (16) XL:     6   Next: 98%
Magic:  0/14       EV: 10    Int: 13 (14) God:
Gold:   252        SH:  0    Dex:  7 (9)  Spells: 11/15 levels left

rFire    . . .     GDR:     18% v - +0 dagger (elec)
rCold    + . .     SeeInvis .   (no shield)
rNeg     + + +     Gourm    .   d - +0 scale mail
rPois    ∞         Faith    .   (no helmet)
rElec    .         Spirit   +   s - scarf {Spirit}
rCorr    .         Reflect  .   g - +0 pair of gloves
MR       .....                  (no boots)
Stlth    +.........             (no amulet)
HPRegen  0.15/turn              p - ring of positive energy
MPRegen  0.14/turn              (no ring)

@: no status effects
A: no food or potions, cold resistance 1, deterioration 1, negative energy
resistance 3, powered by death 1, torment resistance, unbreathing, magic shield,
sturdy frame 1, spell healing
a: no special abilities


You were on level 4 of the Dungeon.
You were not hungry.

You visited 1 branch of the dungeon, and saw 4 of its levels.

You collected 252 gold pieces.

Inventory:

Hand Weapons
 a - a +0 dagger of pain
 q - a +0 war axe
 v - a +0 dagger of electrocution (weapon)
Missiles
 k - 72 needles of frenzy {=f}
Armour
 b - a +0 robe
 d - a +0 scale mail (worn)
 e - a +0 chain mail
 g - a +0 pair of gloves (worn)
 h - a +1 robe of magic recovery
 s - a scarf of spirit shield (worn)
 t - a +0 plate armour
Jewellery
 p - a ring of positive energy (left hand)
Wands
 u - a wand of polymorph (11)
Scrolls
 c - a scroll of teleportation
 f - a scroll of immolation {unknown}
 i - 3 scrolls of identify
 j - a scroll of remove curse {unknown}
 l - a scroll of amnesia {unknown}
 m - a scroll of fear {unknown}
 n - 2 scrolls of magic mapping {unknown}
 o - a scroll of fog {unknown}
 r - a scroll of enchant armour {unknown}


   Skills:
 + Level 2.4 Axes
 - Level 2.0 Dodging
 - Level 2.4 Stealth
 + Level 5.4 Spellcasting
 - Level 8.0 Necromancy


You had 11 spell levels left.
You knew the following spells:

 Your Spells              Type           Power        Failure   Level  Hunger
a - Necrotize             Necr           ###...       1%          1    N/A
b - Vampiric Draining     Necr           ###.......   4%          3    N/A

Your spell library contained the following spells:

 Spells                   Type           Power        Failure   Level  Hunger
 Agony                    Necr           ###.....     16%         4    N/A
 Animate Dead             Necr           N/A          16%         4    N/A
 Dispel Undead            Necr           ###.....     41%         5    N/A

Dungeon Overview and Level Annotations

Branches:
Dungeon (4/12)
 Temple: D:4-7

Altars:
Xom

Shops:
D:4 [?

Annotations:
D:3 1 runed door


Innate Abilities, Weirdness & Mutations

You do not eat or drink.
You are immune to poison.
Your flesh is cold resistant. (rC+)
Your body sometimes deteriorates upon taking damage.
You are immune to negative energy. (rN+++)
You regenerate a little health from kills.
You are immune to unholy pain and torment.
You can survive without breathing.
When hurt, damage is shared between your health and your magic reserves.
Your movements are slightly less encumbered by armour. (ER -2)
Casting spells heals you.


Message History

Casting: Vampiric Draining (safe; 4% risk of failure)
Confirm with . or Enter, or press ? or * to list all spells.
Aiming: Necrotize (safe; 1% risk of failure)
Press: ? - help, Shift-Dir - straight line, f - hound
Aim: a hound (moderately wounded, chance to defeat MR: 88%)
The hound writhes in agony.
The hound bites you.
* * * LOW HITPOINT WARNING * * *
The hound bites you but does no damage.
Casting: Necrotize (safe; 1% risk of failure)
Confirm with . or Enter, or press ? or * to list all spells.
Aiming: Necrotize (safe; 1% risk of failure)
Press: ? - help, Shift-Dir - straight line, f/p - hound
Aim: a hound (heavily wounded, chance to defeat MR: 88%)
The hound barely resists.
The hound bites you but does no damage.
You barely miss the hound.
The hound is heavily wounded.
The hound bites you.
* * * LOW HITPOINT WARNING * * *
The hound bites you.
You die...

######c......#...#
+.......#...#....#
#..!....#...#...$#
.....#.......#...#....#
..∩..#.......#...#....#
.....#.......#...#....#
.....#.......#...#....#
.....+.......'..h#....#
.....#.......#..@'....#
.....#....?..#####....#
.....'................#
.....#................#
.....#.........l......#
...#####..............#
...# #####..........#
##....##..............#
#....##....#.........#


You could see a hound.

Vanquished Creatures
  A bullfrog (D:4)
  2 centaurs (D:4)
  A killer bee (D:4)
  2 howler monkeys (D:4)
  An iguana (D:4)
  Jessica (D:2)
  Ijyb (D:4)
  A worker ant (D:4)
  A hound skeleton (D:4)
  4 gnolls (D:3)
  3 worms
  2 leopard geckos
  A giant cockroach (D:1)
  A goblin (D:1)
  2 hobgoblins (D:2)
  9 jackals
  4 kobolds
  2 quokkas
  5 bats
  4 frilled lizards
  2 rats
50 creatures vanquished.

Vanquished Creatures (collateral kills)
  2 worms (D:2)
  A bat (D:1)
  A jackal (D:1)
  A rat (D:1)
5 creatures vanquished.

Grand Total: 55 creatures vanquished

Notes
Turn   | Place    | Note
-------+----------+-------------------------------------------
     0 | D:1      | Mehrunes the Skeleton Necromancer began the quest for the
                  | Orb.
     0 | D:1      | Reached XP level 1. HP: 10/10 MP: 4/4
    76 | D:1      | Reached XP level 2. HP: 15/15 MP: 1/6
   170 | D:1      | Reached skill level 5 in Necromancy
   705 | D:2      | Reached XP level 3. HP: 19/19 MP: 4/7
  1051 | D:2      | Noticed Jessica
  1057 | D:2      | Learned a level 3 spell: Vampiric Draining
  1062 | D:2      | Killed Jessica
  1063 | D:2      | Reached skill level 6 in Necromancy
  1113 | D:2      | Reached XP level 4. HP: 19/24 MP: 0/8
  1252 | D:2      | Found a glowing golden altar of the Shining One.
  1795 | D:3      | Found a runed door.
  1848 | D:4      | Noticed a centaur
  1856 | D:4      | Killed a centaur
  1857 | D:4      | Reached skill level 7 in Necromancy
  1857 | D:4      | Reached XP level 5. HP: 20/28 MP: 1/9
  2246 | D:4      | Reached skill level 8 in Necromancy
  2246 | D:4      | Gained mutation: You regenerate a little health from kills.
                  | [Skeleton growth]
  2246 | D:4      | Reached XP level 6. HP: 19/32 MP: 2/11
  2752 | D:4      | Found Xagywus's Antique Armour Shop.
  2879 | D:4      | Reached skill level 1 in Axes
  3019 | D:4      | Noticed Ijyb
  3030 | D:4      | Killed Ijyb
  3056 | D:4      | Found a shimmering altar of Xom.
  3071 | D:4      | Reached skill level 5 in Spellcasting
  3071 | D:4      | Found Vuusch's Magic Scroll Boutique.
  3125 | D:4      | Slain by a hound

Skill      XL: |  1  2  3  4  5  6 |
---------------+-------------------+-----
Necromancy     | 5 6 7 8 |  8.0
Spellcasting   | 5 |  5.4
Axes           | 2 |  2.4
Dodging        | |  2.0
Stealth        | |  2.4

Action                   |  1- 3 |  4- 6 || total
-------------------------+-------+-------++-------
Melee: Dagger            |    17 |    87 ||   104
 Cast: Necrotize         |    47 |    33 ||    80
       Vampiric Draining |     2 |    13 ||    15
  Use: Scroll            |       |     2 ||     2
 Stab: Sleeping          |     1 |       ||     1
Armor: Robe              |     9 |     8 ||    17
       Scale mail        |       |    30 ||    30
Dodge: Dodged            |    33 |    67 ||   100
